 Dungeon Crawl Stone Soup version 0.27.1-4-g1640c2035a (webtiles) character file.

Game seed: 5277885964803554002

62524 adizb the Thaumaturge (level 14, -25/68 HPs)
             Began as a Deep Elf Conjurer on Nov 13, 2021.
             Was a High Priest of Vehumet.
             Annihilated by an orc knight (45 damage)
             ... on level 2 of the Orcish Mines on Nov 14, 2021.
             The game lasted 03:25:09 (15453 turns).

adizb the Thaumaturge (Deep Elf Conjurer)          Turns: 15453, Time: 03:25:09

Health: -25/68     AC: 20    Str:  4    XL:     14   Next: 64%
Magic:  3/33       EV: 17    Int: 41    God:    Vehumet [*****.]
Gold:   1802       SH:  0    Dex: 13    Spells: 3/40 levels left

rFire    . . .     SeeInvis .   p - +2 dagger (venom)
rCold    . . .     Faith    .   (no shield)
rNeg     + . .     Spirit   .   h - +2 robe {rN+}
rPois    +         Reflect  .   l - +2 hat
rElec    +         Harm     .   U - +1 cloak {Stlth+}
rCorr    .         Rampage  .   (no gloves)
Will     +....                  f - +2 pair of boots
Stlth    ++++++....             y - amulet of magic regeneration
HPRegen  0.21/turn              E - +6 ring of intelligence
MPRegen  0.48/turn              Q - ring of Xom's Best Wishes {rElec rPois Int+6}

@: ice-armoured, studying Short Blades
A: no striking features
a: Renounce Religion


You were on level 2 of the Orcish Mines.
You worshipped Vehumet.
Vehumet was extremely pleased with you.
You visited 4 branches of the dungeon, and saw 20 of its levels.
You also visited: Sewer.

You collected 2184 gold pieces.
You spent 382 gold pieces at shops.

Inventory:

Hand Weapons
 p - a +2 dagger of venom (weapon)
 T - a +2 vampiric dagger
Missiles
 b - 2 throwing nets
Armour
 f - a +2 pair of boots (worn)
 h - a +2 robe of positive energy (worn)
 k - a +2 robe of the Archmagi
 l - a +2 hat (worn)
 x - +0 acid dragon scales
 F - a +0 troll leather armour
 G - a +2 cloak
 U - a +1 cloak of stealth (worn)
Jewellery
 d - an amulet of regeneration
 m - an amulet of reflection
 y - an amulet of magic regeneration (around neck)
 E - a +6 ring of intelligence (left hand)
 H - a ring of poison resistance
 L - a ring of magical power
 Q - the ring of Xom's Best Wishes (right hand) {rElec rPois Int+6}
   (You found it on level 5 of the Lair of Beasts)

   [ring of intelligence]

   Int:       It affects your intelligence (+6).
   rElec:     It insulates you from electricity.
   rPois:     It protects you from poison.
 V - a ring of see invisible
Wands
 t - a wand of paralysis (7)
 w - a wand of iceblast (67)
 A - a wand of polymorph (27)
 C - a wand of acid (11)
 J - a wand of digging (9)
 M - a wand of mindburst (16)
 S - a wand of flame (11)
Scrolls
 c - a scroll of blinking
 g - 2 scrolls of silence
 i - 4 scrolls of fog
 j - a scroll of amnesia
 q - a scroll of enchant weapon
 r - 3 scrolls of magic mapping
 s - a scroll of summoning
 u - 2 scrolls of enchant armour
 z - a scroll of brand weapon
 D - 4 scrolls of teleportation
Potions
 a - 5 potions of flight
 e - 2 potions of might
 n - 2 potions of resistance
 o - 2 potions of haste
 v - a potion of magic
 B - a potion of brilliance
 I - 3 potions of berserk rage
 N - a potion of invisibility
 O - 4 potions of curing
 P - a potion of degeneration {unknown}
 R - a potion of heal wounds
Miscellaneous
 K - a condenser vane (inert)


   Skills:
 - Level 10.9 Short Blades
 + Level 12.0 Dodging
 + Level 11.2 Stealth
 + Level 13.6 Spellcasting
 + Level 10.3 Conjurations
 - Level 4.1 Hexes
 + Level 8.2 Summonings
 - Level 5.1 Translocations
 + Level 12.1 Fire Magic
 - Level 3.8 Ice Magic
 + Level 8.1 Evocations


You had 3 spell levels left.
You knew the following spells:

 Your Spells              Type           Power      Damage    Failure   Level
a - Spellforged Servitor  Conj/Summ      40%        N/A       6%          7
b - Searing Ray           Conj           100%       3d7       1%          2
c - Dazzling Flash        Conj/Hex       100%       N/A       1%          3
d - Fulminant Prism       Conj/Hex       36%        3d18      1%          4
e - Iskenderun's Mystic   Conj/Tloc      74%        2d15      1%          4
f - Fireball              Conj/Fire      44%        3d18      1%          5
g - Frozen Ramparts       Ice            100%       1d12      1%          3
h - Ozocubu's Armour      Ice            56%        N/A       1%          3
i - Conjure Ball Lightni  Conj/Air       31%        3x3d10    6%          6

Your spell library contained the following spells:

 Spells                   Type           Power      Damage    Failure   Level
 Eringya's Noxious Bog    Tmut/Pois      14%        N/A       41%         6
 Magic Dart               Conj           100%       1d8       0%          1
 Beastly Appendage        Tmut           56%        N/A       1%          1
 Summon Small Mammal      Summ           100%       N/A       1%          1
 Wereblood                Tmut           28%        N/A       1%          2
 Call Canine Familiar     Summ           77%        N/A       1%          3
 Summon Guardian Golem    Hex/Summ       68%        N/A       1%          3
 Spider Form              Tmut/Pois      14%        N/A       3%          3
 Starburst                Conj/Fire      44%        6d12      1%          6
 Ignition                 Fire           45%        3d13      13%         8
 Ozocubu's Refrigeration  Ice            28%        4d10      45%         7


Dungeon Overview and Level Annotations

Branches:
Dungeon (11/15)            Temple (1/1) D:5            Lair (6/6) D:8
 Shoals (0/4) Lair:2        Snake (0/4) Lair:3        Slime (0/5) Lair:5
    Orc (2/2) D:11            Elf (0/3) Orc:2         Sewer (visited)

Altars:
Cheibriados
Dithmenos
Elyvilon
Gozag
Hepliaklqana
Kikubaaqudgha
Nemelex Xobeh
Ru
Sif Muna
Trog
Uskayaw
Vehumet
Wu Jian
Yredelemnul
The Shining One
Beogh
Jiyva

Shops:
D:4 *   Orc:1 *   Orc:2 *!

Annotations:
Lair:5 1 runed translucent door


Message History

The orc knight is almost dead.
The searing ray hits the orc knight.
The orc knight is lightly wounded.
The wall freezes the orc knight.
The wall freezes the orc knight!
Casting: Iskenderun's Mystic Blast (safe; 1% risk of failure)
Press: ? - help, Q - select action, (/) - cycle Dir - look around, f - activate You erupt in a blast of force!
The mystic blast hits the orc knight!
The orc knight is heavily wounded.
The orc knight is knocked back by the mystic blast.
The mystic blast hits the orc knight.
You kill the orc knight!
Vehumet accepts your kill.
You feel your power returning.
You hear a shout! x2
Aiming: Searing Ray (safe; 1% risk of failure)
Press: ? - help, Q - select action, (/) - cycle Shift-Dir - straight line, f - orc knight
Aim: an orc knight, wielding a +0 battleaxe and wearing a +0 plate armour (heavily wounded, strong, 83% to hit)
The searing ray hits the orc knight but does no damage.
The orc knight is heavily wounded. (Press . to maintain the ray.)
The searing ray misses the orc knight.
The searing ray hits the orc priest!
The orc priest is heavily wounded.
The wall freezes the orc knight.
The searing ray hits the orc knight but does no damage.
The orc knight is heavily wounded.
The searing ray hits the orc priest.
The orc priest is almost dead.
The wall freezes the orc knight!
The orc knight closely misses you.
The searing ray hits the orc knight but does no damage.
The orc knight is heavily wounded.
The searing ray hits the orc priest!
You kill the orc priest!
Vehumet accepts your kill.
You feel your power returning.
You finish channeling your searing ray.
The wall freezes the orc knight.
The orc knight hits you but does no damage.
The frozen ramparts melt away.
The orc knight hits you with a +0 battleaxe!!!
Ouch! That really hurt!
You die...

#..o# ... #..)# #..
3.o# #. ... ## ..# #
.... ##.#.# ....#
#..)## .....###.#.## #
....###..o## #. ##
...###.)@## ##.. ##.
#..###...## ##.) ##..
#).###...## ##... ##.)#
##..###)..###...###))##
##).##)...#....##).###
##..#.#.....#)#).## #
##.........).))## #
##.))#.#.#.).##
##......)).##


You could see an orc knight (strong).

Vanquished Creatures
  An orc warlord (D:11)
  A minotaur (D:11)
  Erolcha (D:10)
  The ghost of DemonSlayer the Cleaver, a journeyman TeBe of Trog (Lair:3)
  6 hydras
  The ghost of Icepheonix32 the Insei, a journeyman DsTm of Hepliaklqana (D:11)
  A tengu warrior (D:11)
  4 two-headed ogres
  3 death yaks (Lair:6)
  An orc high priest (Orc:1)
  Nergalle (Lair:4)
  A sixfirhy (Orc:2)
  2 orc knights (Orc:2)
  3 oklob plants
  A lindwurm (Lair:6)
  An orc sorcerer (Orc:2)
  An ugly thing (D:10)
  2 cyclopes
  A merfolk siren (Lair:2)
  Maurice (D:10)
  12 elephants
  7 black mambas
  2 torpor snails (Lair:6)
  10 cane toads
  Maggie (D:6)
  4 rime drakes
  6 komodo dragons
  3 trolls
  3 polar bears
  A merfolk (Lair:2)
  Prince Ribbit (D:6)
  7 dream sheep (Lair:6)
  15 blink frogs
  Sigmund (D:2)
  52 yaks
  4 wraiths
  3 wyverns
  6 basilisks
  Grum (D:10)
  A chaos spawn (Orc:2)
  6 humans (D:6)
  2 steam dragons (D:7)
  Menkaure (D:6)
  2 nagas (Lair:3)
  2 wargs (Orc:1)
  An acid dragon (D:11)
  24 water moccasins
  3 black bears
  2 necrophages
  30 orc warriors
  6 ogres (Orc:1)
  20 wolves
  4 centaurs
  2 phantoms (D:6)
  15 bullfrogs
  A gnoll sergeant (D:10)
  2 scorpions
  16 killer bees
  8 wights
  5 howler monkeys
  5 centaur zombies
  A hound (D:6)
  21 orc priests
  6 jellies
  Crazy Yiuf (D:6)
  A bullfrog skeleton (D:6)
  4 iguanas
  Ijyb (D:5)
  17 orc wizards
  6 hell rats
  A killer bee zombie (D:5)
  3 howler monkey zombies (D:8)
  11 gnolls
  8 adders
  A shadow imp (D:6)
  An ufetubus (D:7)
  3 worms
  4 dart slugs
  57 orcs
  4 bats
  17 endoplasms
  15 giant cockroaches
  A goblin (D:4)
  5 hobgoblins
  6 jackals
  10 kobolds
  12 quokkas
  15 ball pythons
  13 frilled lizards
  8 rats
  A bush (Lair:5)
585 creatures vanquished.

Vanquished Creatures (collateral kills)
  3 ball lightnings (D:10)
3 creatures vanquished.

Vanquished Creatures (others)
  8 ball lightnings
  5 fulminant prisms
  50 fungi
  68 plants
131 creatures vanquished.

Grand Total: 719 creatures vanquished

Notes
Turn   | Place    | Note
-------+----------+-------------------------------------------
     0 | D:1      | adizb the Deep Elf Conjurer began the quest for the Orb.
     0 | D:1      | Reached XP level 1. HP: 10/10 MP: 6/6
   272 | D:1      | Reached XP level 2. HP: 12/15 MP: 4/8
   276 | D:1      | Learned a level 2 spell: Searing Ray
   441 | D:1      | Reached skill level 5 in Conjurations
  1379 | D:2      | Reached XP level 3. HP: 19/19 MP: 6/9
  1480 | D:2      | Noticed Sigmund
  1486 | D:2      | Killed Sigmund
  1487 | D:2      | Reached skill level 4 in Spellcasting
  1487 | D:2      | Reached skill level 1 in Translocations
  1487 | D:2      | Reached XP level 4. HP: 15/24 MP: 0/12
  1487 | D:2      | Reached XP level 5. HP: 18/28 MP: 0/13
  1770 | D:3      | Noticed a black bear
  1776 | D:3      | Killed a black bear
  1777 | D:3      | Reached skill level 5 in Spellcasting
  1777 | D:3      | Reached XP level 6. HP: 32/32 MP: 8/15
  1800 | D:3      | Found an ornate altar of the Wu Jian Council.
  2041 | D:3      | Found a sacrificial altar of Ru.
  2052 | D:3      | Found a snail-covered altar of Cheibriados.
  2053 | D:3      | Found a bloodstained altar of Trog.
  2142 | D:3      | Found a sparkling altar of Nemelex Xobeh.
  2513 | D:4      | Found Utseroh's Assorted Antiques.
  2519 | D:4      | Bought a tiny cabochon amulet for 115 gold pieces
  2696 | D:4      | Identified the +5 whip "Killer Klown's Foe" {vamp, Str+7
                  | Int+2}
  3050 | D:4      | Reached XP level 7. HP: 36/36 MP: 13/17
  3244 | D:5      | Entered Level 5 of the Dungeon
  3298 | D:5      | Learned a level 3 spell: Dazzling Flash
  3316 | D:5      | Found an ancient bone altar of Kikubaaqudgha.
  3343 | D:5      | Reached skill level 6 in Spellcasting
  3347 | D:5      | Found a staircase to the Ecumenical Temple.
  3367 | Temple   | Entered the Ecumenical Temple
  3427 | Temple   | Became a worshipper of Vehumet
  3522 | D:5      | Found a hide-covered altar of Uskayaw.
  3599 | D:5      | Reached skill level 1 in Short Blades
  3687 | D:5      | Noticed Ijyb
  3732 | D:5      | Killed Ijyb
  3800 | D:5      | Found a glowing drain.
  3805 | Sewer    | Entered a sewer
  3827 | Sewer    | Reached * piety under Vehumet
  3827 | Sewer    | Offered knowledge of Freeze by Vehumet.
  3954 | Sewer    | Reached ** piety under Vehumet
  3974 | Sewer    | Offered knowledge of Poisonous Vapours by Vehumet.
  3985 | Sewer    | Learned a level 4 spell: Fulminant Prism
  4030 | Sewer    | Reached XP level 8. HP: 33/41 MP: 18/20
  4033 | Sewer    | Reached skill level 7 in Spellcasting
  4179 | D:5      | Found a basalt altar of Yredelemnul.
  4508 | D:6      | Reached skill level 5 in Stealth
  4525 | D:6      | Noticed Prince Ribbit
  4567 | D:6      | Offered knowledge of Mephitic Cloud by Vehumet.
  4568 | D:6      | Noticed Maggie
  4577 | D:6      | Killed Maggie
  4578 | D:6      | Reached skill level 5 in Dodging
  4590 | D:6      | Killed Prince Ribbit
  4616 | D:6      | Reached XP level 9. HP: 21/45 MP: 9/22
  4619 | D:6      | Noticed Menkaure
  4630 | D:6      | Killed Menkaure
  4634 | D:6      | Reached *** piety under Vehumet
  4650 | D:6      | Reached skill level 8 in Spellcasting
  4764 | D:6      | Learned a level 4 spell: Iskenderun's Mystic Blast
  4770 | D:6      | Learned a level 5 spell: Fireball
  4795 | D:6      | Reached skill level 5 in Short Blades
  4842 | D:6      | Reached skill level 5 in Fire Magic
  4859 | D:6      | Found a runed translucent door.
  4860 | D:6      | Noticed Crazy Yiuf
  4865 | D:6      | Killed Crazy Yiuf
  4980 | D:6      | Offered knowledge of Frozen Ramparts by Vehumet.
  5088 | D:6      | Found a shimmering blue altar of Sif Muna.
  5182 | D:7      | Reached skill level 1 in Ice Magic
  5191 | D:7      | Reached skill level 1 in Summonings
  5351 | D:7      | Reached XP level 10. HP: 50/50 MP: 21/24
  5453 | D:7      | Reached skill level 9 in Spellcasting
  5714 | D:7      | Learned a level 3 spell: Frozen Ramparts
  6086 | D:8      | Reached **** piety under Vehumet
  6179 | D:8      | Found a staircase to the Lair.
  6663 | Lair:1   | Entered Level 1 of the Lair of Beasts
  6770 | Lair:1   | Noticed a cane toad
  6775 | Lair:1   | Killed a cane toad
  6805 | Lair:1   | Offered knowledge of Yara's Violent Unravelling by Vehumet.
  6818 | Lair:1   | Noticed a five-headed hydra
  6834 | Lair:1   | Killed a five-headed hydra
  6835 | Lair:1   | Reached XP level 11. HP: 17/54 MP: 6/26
  6854 | Lair:1   | Learned a level 3 spell: Ozocubu's Armour
  6870 | Lair:1   | Reached skill level 10 in Spellcasting
  7792 | Lair:2   | Reached skill level 1 in Evocations
  7830 | Lair:2   | Found a staircase to the Shoals.
  7834 | Lair:2   | Reached ***** piety under Vehumet
  8370 | Lair:3   | Found a runed translucent door.
  8392 | Lair:3   | Noticed DemonSlayer's ghost (journeyman TeBe)
  8538 | Lair:3   | Offered knowledge of Spellforged Servitor by Vehumet.
  8583 | Lair:2   | Reached skill level 11 in Spellcasting
  8625 | Lair:3   | Reached XP level 12. HP: 8/59 MP: 5/29
  8685 | Lair:3   | Found a staircase to the Snake Pit.
  9007 | Lair:3   | Noticed a six-headed hydra
  9017 | Lair:3   | Reached skill level 5 in Translocations
  9021 | Lair:3   | HP: 1/59 [six-headed hydra (9)]
  9024 | Lair:3   | Killed a six-headed hydra
  9025 | Lair:3   | Reached skill level 10 in Fire Magic
  9048 | Lair:3   | Learned a level 7 spell: Spellforged Servitor
  9715 | Lair:3   | Reached skill level 10 in Short Blades
 10163 | Lair:3   | Killed DemonSlayer's ghost
 10229 | Lair:4   | Noticed an eight-headed hydra
 10233 | Lair:4   | Killed an eight-headed hydra
 10280 | Lair:4   | Noticed Nergalle
 10284 | Lair:4   | Killed Nergalle
 10576 | Lair:4   | Reached skill level 5 in Summonings
 10626 | Lair:4   | Noticed a six-headed hydra
 10631 | Lair:4   | Killed a six-headed hydra
 10632 | Lair:4   | Reached skill level 10 in Dodging
 10812 | Lair:5   | Identified the ring of Xom's Best Wishes {rElec rPois
                  | Int+6}
 10824 | Lair:5   | Reached skill level 12 in Spellcasting
 10824 | Lair:5   | Reached skill level 5 in Evocations
 11062 | Lair:5   | Reached XP level 13. HP: 63/63 MP: 9/31
 11169 | Lair:5   | Found a runed translucent door.
 11169 | Lair:5   | Found a viscous altar of Jiyva.
 11169 | Lair:5   | Noticed an acid blob
 11191 | Lair:5   | Noticed an acid blob
 11192 | Lair:5   | Found a staircase to the Slime Pits.
 11486 | Lair:6   | Entered Level 6 of the Lair of Beasts
 11547 | Lair:6   | Offered knowledge of Sticky Flame by Vehumet.
 12167 | Lair:6   | Reached skill level 10 in Stealth
 12257 | Lair:6   | Identified the +5 dire flail "Itsiymay" {drain, *Rage rPois
                  | rN+}
 12751 | D:9      | Reached skill level 13 in Spellcasting
 13024 | D:9      | Offered knowledge of Conjure Ball Lightning by Vehumet.
 13027 | D:9      | Reached XP level 14. HP: 68/68 MP: 28/33
 13037 | D:9      | Learned a level 6 spell: Conjure Ball Lightning
 13146 | D:10     | Entered Level 10 of the Dungeon
 13218 | D:10     | Noticed Grum
 13220 | D:10     | Killed Grum
 13337 | D:10     | Noticed Maurice
 13341 | D:10     | Killed Maurice
 13360 | D:10     | Noticed Erolcha
 13375 | D:10     | Killed Erolcha
 13956 | D:11     | Found a runed translucent gate.
 14275 | D:11     | Found a runed translucent gate.
 14275 | D:11     | Found a runed translucent gate.
 14316 | D:11     | Noticed Icepheonix32's ghost (journeyman DsTm)
 14338 | D:11     | Killed Icepheonix32's ghost
 14459 | D:11     | Found a staircase to the Orcish Mines.
 14509 | Orc:1    | Entered Level 1 of the Orcish Mines
 14519 | Orc:1    | Reached skill level 10 in Conjurations
 14585 | Orc:1    | Noticed an orc warlord
 14672 | D:11     | Killed an orc warlord
 14852 | Orc:1    | Offered knowledge of Eringya's Noxious Bog by Vehumet.
 15016 | Orc:1    | Found Calyrgh's Commerce Corner.
 15081 | Orc:1    | Bought a potion of curing for 42 gold pieces
 15170 | Orc:2    | Entered Level 2 of the Orcish Mines
 15172 | Orc:2    | Found a staircase to the Elven Halls.
 15249 | Orc:2    | Found Doem's Distillery.
 15325 | Orc:2    | Found Xusit's General Store.
 15371 | Orc:2    | Bought a potion of heal wounds for 75 gold pieces
 15371 | Orc:2    | Bought a potion of haste for 150 gold pieces
 15453 | Orc:2    | Annihilated by an orc knight

Illustrated notes

Levels and vault maps discovered:
D:1:      psy_arrival_statuary, layout_basic, lemuel_old_faithful
D:2:      layout_loops_corners, minivault_23, uniq_sigmund
D:3:      layout_loops_ring, mainiacjoe_overflow_chevrons,
          nicolae_overflow_hidden_temple, mainiacjoe_overflow_brackets
D:4:      layout_basic, serial_shops, nicolae_stop_n_shop_2, minmay_unequal
D:5:      layout_basic, mainiacjoe_overflow_24_doors,
          mainiacjoe_overflow_concentric_impassable, kennysheep_little_box,
          minmay_temple_entry_wispy, portal_sewer_entry_e, uniq_ijyb
D:6:      layout_rooms, mainiacjoe_overflow_alcove_4, minmay_ruffians,
          uniq_prince_ribbit1, uniq_maggie, uniq_menkaure,
          uniq_crazy_yiuf_cottage
D:7:      layout_rooms, minmay_misc_feat_chi
D:8:      layout_gridville, lair_entry_dummy
D:9:      layout_roguey
D:10:     layout_cave_pools, serial_bayou_crossing, uniq_maurice, uniq_erolcha,
          uniq_grum
D:11:     layout_stronghold, orc_0_dummy, maelrawn_ghost_gauntlet_escape
Temple:   oiseaux_autumnal_temple
Lair:1:   statuecave_lemuel, layout_cave_pods, grunt_megastairs_3,
          lemuel_fruit_fields, lemuel_fruit_fields
Lair:2:   layout_gridlike, elwin_shoals_entry_rooms
Lair:3:   layout_layer_cave, minmay_snake_entry_guardpost_small,
          ebering_ghost_reflecting_pool, st_stairs_9, grunt_megastairs_5,
          infiniplex_staircase_pool_2, minmay_lair_oklob_chamber
Lair:4:   layout_gridlike, uniq_nergalle
Lair:5:   layout_regular_city, slime_altar_2, grunt_megastairs_4,
          lemuel_fruit_fields, serial_bayou_shore_a
Lair:6:   hangedman_lair_in_review, layout_gridlike
Orc:1:    layout_diamond_mine, nicolae_alphabet_shops, bh_open_orc_temple
Orc:2:    pf_orc_diabolical, layout_caves, serial_shops, shop,
          nicolae_shop_overcharged_wands

Skill      XL: |  1  2  3  4  5  6  7  8  9 10 11 12 13 14 |
---------------+-------------------------------------------+-----
Conjurations   | 5 6 7 8 9 10 | 10.3
Dodging        | 3 4 5 6 7 9 10 11 12 | 12.0
Stealth        | 3 4 6 7 8 10 11 | 11.2
Spellcasting   | 4 5 6 7 8 9 11 12 13 | 13.6
Hexes          | 2 3 4 |  4.1
Translocations | 1 2 3 4 5 |  5.1
Short Blades   | 1 4 6 7 9 10 | 10.9
Fire Magic     | 3 6 7 9 10 11 12 | 12.1
Ice Magic      | 1 3 |  3.8
Summonings     | 1 3 5 7 8 |  8.2
Evocations     | 2 5 7 8 |  8.1

Action                   |  1- 3 |  4- 6 |  7- 9 | 10-12 | 13-15 || total
-------------------------+-------+-------+-------+-------+-------++-------
Melee: Unarmed           |     3 |       |       |       |       ||     3
       Dagger            |       |       |     7 |    63 |    52 ||   122
Throw: Throwing net      |     1 |       |       |       |       ||     1
 Cast: Magic Dart        |    23 |    37 |    52 |     6 |       ||   118
       Searing Ray       |    23 |    21 |    80 |    93 |   100 ||   317
       Fulminant Prism   |       |       |     3 |       |     2 ||     5
       Fireball          |       |       |     8 |   104 |   168 ||   280
       Iskenderun's Myst |       |       |     2 |    15 |     9 ||    26
       Frozen Ramparts   |       |       |       |    12 |    17 ||    29
       Ozocubu's Armour  |       |       |       |     4 |    15 ||    19
       Dazzling Flash    |       |       |       |       |     1 ||     1
       Conjure Ball Ligh |       |       |       |       |     4 ||     4
       Spellforged Servi |       |       |       |       |     2 ||     2
Evoke: Condenser vane    |       |       |       |     1 |     1 ||     2
       Wand              |       |       |       |     5 |     6 ||    11
  Use: Scroll            |     2 |     5 |     5 |    13 |     4 ||    29
       Potion            |       |       |     1 |     5 |     1 ||     7
 Stab: Distracted        |       |       |       |     1 |       ||     1
       Confused          |       |       |       |     1 |       ||     1
Armor: Robe              |     4 |     1 |    14 |    46 |    51 ||   116
Dodge: Dodged            |     5 |     4 |    38 |    95 |   118 ||   260
